 Dungeon Crawl Stone Soup version 0.29-a0-841-g116ddc6ace (webtiles) character file.

Game seed: 3770042822778151035

24 RevDB the Gusty (level 3, 19/19 HPs)
             Began as a Tengu Air Elementalist on July 13, 2022.
             Quit the game on level 1 of the Dungeon on July 14, 2022.
             The game lasted 00:08:58 (671 turns).

RevDB the Gusty (Tengu Air Elementalist)             Turns: 671, Time: 00:08:58

Health: 19/19      AC:  2    Str:  8    XL:     3   Next: 2%
Magic:  6/7        EV: 13    Int: 15    God:
Gold:   37         SH:  0    Dex: 16    Spells: 3/6 levels left

rFire   . . .      SeeInvis .   e - +0 hand axe (vorpal)
rCold   . . .      Faith    .   (no shield)
rNeg    . . .      Spirit   .   a - +0 robe
rPois   .          Reflect  .   (helmet restricted)
rElec   .          Harm     .   (no cloak)
rCorr   .          Rampage  .   (no gloves)
Will    .....                   (boots unavailable)
Stlth   ++........              (no amulet)
HPRegen 0.06/turn               (no ring)
MPRegen 0.10/turn               (no ring)

@: no status effects
A: beak, talons 3
a: no special abilities


You were on level 1 of the Dungeon.
You visited 1 branch of the dungeon, and saw 1 of its levels.

You collected 37 gold pieces.

Inventory:

Hand Weapons
 e - a +0 vorpal hand axe (weapon)
Armour
 a - a +0 robe (worn)
Scrolls
 c - a scroll of fog {unknown}
Potions
 b - a potion of magic
 d - a potion of brilliance {unknown}


   Skills:
 - Level 3.0 Dodging
 - Level 2.0 Stealth
 - Level 2.0 Spellcasting
 - Level 2.0 Conjurations
 + Level 4.6 Air Magic


You had 3 spell levels left.
You knew the following spells:

 Your Spells              Type           Power      Damage    Failure   Level
a - Shock                 Conj/Air       44%        1d5       6%          1
b - Static Discharge      Conj/Air       11%        3-5/arc   9%          2

Your spell library contained the following spells:

 Spells                   Type           Power      Damage    Failure   Level
 Swiftness                Air            15%        N/A       10%         3
 Airstrike                Air            7%         0-4+      32%         4


Dungeon Overview and Level Annotations

Branches:
Dungeon (1/15)

Altars:


Innate Abilities, Weirdness & Mutations

You have a beak for a mouth.
You have claws for feet.


Message History

The dart slug is heavily wounded.
The zap hits the dart slug.
The dart slug is severely wounded.
Aiming: Shock (safe; 6% risk of failure)
Press: ? - help, Q - select action, (/) - cycle Shift-Dir - straight line The zap hits the dart slug.
The dart slug is almost dead.
The zap hits the dart slug.
You kill the dart slug!
A ball python comes into view.
Aiming: Shock (safe; 6% risk of failure)
Press: ? - help, Q - select action, (/) - cycle Shift-Dir - straight line
Okay, then.
Aiming: Shock (safe; 6% risk of failure)
Press: ? - help, Q - select action, (/) - cycle Shift-Dir - straight line You can't see that place.
Okay, then.
Aiming: Shock (safe; 6% risk of failure)
Press: ? - help, Q - select action, (/) - cycle Shift-Dir - straight line The zap hits the ball python.
You kill the ball python!
You see here a ball python corpse.
An endoplasm comes into view.
Found 7 gold pieces.
Aiming: Shock (safe; 6% risk of failure)
Press: ? - help, Q - select action, (/) - cycle Shift-Dir - straight line, f - endoplasm
Aim: an endoplasm (asleep, 100% to hit)
The zap hits the endoplasm.
You kill the endoplasm!
You have reached level 3!
Your experience leads to an increase in your attributes!
Increase (S)trength, (I)ntelligence, or (D)exterity?
You feel agile. x2
Okay, then.
Welcome back, RevDB the Tengu Air Elementalist.
Press ? for a list of commands and other information.
You now have 37 gold pieces (gained 7).
A dart slug comes into view.
Unknown command.
Are you sure you want to abandon this character and quit the game? (Confirm with "yes".)

###.#.. ###.#. # ..
.. .# .# .# ##.#
.##.# ... ....# .w#
....#### ###..#
.......## # #....#
.........####.##@##.#
#......#............#
#......#.....###.####
'.......... #.#
#......#. #.#
#......# #.#
......... ##.######
.).###### #...#...#
......# #.#.....#


You could see a dart slug.

Vanquished Creatures
  3 dart slugs (D:1)
  3 ball pythons (D:1)
  6 endoplasms (D:1)
  A giant cockroach (D:1)
  A hobgoblin (D:1)
  A kobold (D:1)
  A bat (D:1)
16 creatures vanquished.

Notes
Turn   | Place    | Note
-------+----------+-------------------------------------------
     0 | D:1      | RevDB the Tengu Air Elementalist began the quest for the
                  | Orb.
     0 | D:1      | Reached XP level 1. HP: 10/10 MP: 4/4
   237 | D:1      | Reached XP level 2. HP: 15/15 MP: 4/6
   349 | D:1      | Found a faded altar of an unknown god.
   516 | D:1      | Learned a level 2 spell: Static Discharge
   659 | D:1      | Reached XP level 3. HP: 19/19 MP: 5/7
   659 | D:1      | Upgraded the game from 0.29-a0-838-g385bb11a5b to
                  | 0.29-a0-841-g116ddc6ace
   671 | D:1      | Quit the game

Illustrated notes

Levels and vault maps discovered:
D:1:      dpeg_arrival_shelter, layout_loops_cross, serial_shops, shop,
          basic_ecumenical_altar, minmay_door_square

Skill      XL: |  1  2 |
---------------+-------+-----
Conjurations   | 2 |  2.0
Dodging        | 3 |  3.0
Stealth        | |  2.0
Spellcasting   | |  2.0
Air Magic      | |  4.6

Action                   || total
-------------------------++-------
Melee: Unarmed           ||     1
       Hand axe          ||     1
       Peck              ||     1
 Cast: Shock             ||    33
 Stab: Sleeping          ||     1
Dodge: Dodged            ||     4

Table legend: (Time is in decaauts)
 A = Elapsed time spent in this place.
 B = Non-inter-level travel time spent in this place.
 C = Inter-level travel time spent in this place.
 D = Time resting spent in this place.
 E = Time spent auto-exploring this place.
 F = Levels seen in this place.
 G = Mean time per level.
                   A        B        C        D        E       F      G
               +--------+--------+--------+--------+--------+-----+--------+
         Total |    670 |    670 |      0 |    205 |     12 |   1 |  670.0 |
       Dungeon |    670 |    670 |      0 |    205 |     12 |   1 |  670.0 |
               +--------+--------+--------+--------+--------+-----+--------+

Top non-repeatable levels by time:
     D:1: 670 daAuts
